 Dungeon Crawl Stone Soup version 0.28.0-47-ge53b351184 (webtiles) character file.

Game seed: 12777399975899531340

57620 pkoi the Archer (level 14, -6/111 HPs)
             Began as a Demigod Ice Elementalist on May 6, 2022.
             Mangled by a minotaur
             ... wielding the +8 mithril axe "Arga" {speed, Will+}
              (13 damage)
             ... in a Gauntlet.
             The game lasted 01:06:21 (32820 turns).

pkoi the Archer (Demigod Ice Elementalist)         Turns: 32820, Time: 01:06:22

Health: -6/111     AC: 20    Str:  5 (7)  XL:     14   Next: 12%
Magic:  27/37      EV: 13    Int: 42 (45) God:
Gold:   1128       SH:  5    Dex: 12 (14) Spells: 5/26 levels left

rFire   . . .      SeeInvis .   y - +9 shortbow "Xegylapp" {speed, rElec MP+9 Str-2 Int+2}
rCold   . . .      Faith    .   (shield currently unavailable)
rNeg    . . .      Spirit   .   N - +1 troll leather armour {Snorg}
rPois   +          Reflect  +   Q - +1 hat {Will+}
rElec   +          Harm     .   w - +1 cloak
rCorr   .          Rampage  .   (no gloves)
Will    ++...      NoTele   +   a - +0 pair of boots
Stlth   ++........              R - amulet of reflection
HPRegen 1.08/turn               j - +6 ring of intelligence
MPRegen 0.25/turn               v - ring "Jeirrup" {rElec rPois Int+4}

@: ice-armoured, freezing walls
A: high MP 1, forlorn, divine attributes
a: no special abilities


You were in a Gauntlet.
You visited 2 branches of the dungeon, and saw 18 of its levels.
You also visited: Gauntlet.

You collected 2065 gold pieces.
You spent 937 gold pieces at shops.

Inventory:

Hand Weapons
 y - the +9 shortbow "Xegylapp" (weapon) {speed, rElec MP+9 Str-2 Int+2}
   (You bought it in a shop on level 3 of the Dungeon)

   Attacks with this weapon are significantly faster.
   Str:       It affects your strength (-2).
   Int:       It affects your intelligence (+2).
   rElec:     It insulates you from electricity.
   MP:        It affects your magic capacity (+9).
Missiles
 c - 5 throwing nets
 o - 5 curare-tipped darts
 s - 216 stones
 D - 102 arrows (quivered ammo)
Armour
 a - a +0 pair of boots (worn)
 i - +0 acid dragon scales
 w - a +1 cloak (worn)
 B - an orb of light
 N - a +1 troll leather armour (worn) {Snorg}
 Q - a +1 hat of willpower (worn)
Jewellery
 j - a +6 ring of intelligence (left hand)
 k - a ring of protection from cold
 n - the ring of the Spinneret {Drain rCorr Str+3}
   (You found it in a Gauntlet)

   [ring of resist corrosion]

   Str:       It affects your strength (+3).
   rCorr:     It protects you from acid and corrosion.
   Drain:     It drains your maximum health when unequipped.
 v - the ring "Jeirrup" (right hand) {rElec rPois Int+4}
   (You bought it in a shop on level 7 of the Dungeon)

   [ring of poison resistance]

   Int:       It affects your intelligence (+4).
   rElec:     It insulates you from electricity.
   rPois:     It protects you from poison.
 x - a +6 ring of strength
 R - an amulet of reflection (around neck)
Wands
 d - a wand of mindburst (21)
 g - a wand of acid (15)
 m - a wand of paralysis (24)
 z - a wand of iceblast (18)
 F - a wand of polymorph (11)
 K - a wand of flame (15)
Scrolls
 b - 6 scrolls of teleportation
 r - 2 scrolls of magic mapping
 C - 3 scrolls of enchant armour
 H - a scroll of holy word
 J - 2 scrolls of silence
 M - a scroll of fog
Potions
 e - 2 potions of resistance
 f - 5 potions of curing
 h - 2 potions of might
 l - 7 potions of heal wounds
 p - 2 potions of brilliance
 q - a potion of flight
 t - 3 potions of haste
 u - 2 potions of cancellation
 O - a potion of ambrosia


   Skills:
 + Level 6.6 Fighting
 + Level 12.2 Bows
 - Level 6.0 Armour
 - Level 6.0 Dodging
 - Level 3.0 Stealth
 + Level 6.5 Spellcasting
 - Level 6.0 Conjurations
 - Level 6.0 Translocations
 + Level 10.5 Ice Magic
 + Level 6.3 Air Magic
 - Level 6.0 Earth Magic
 - Level 3.0 Evocations


You had 5 spell levels left.
You knew the following spells:

 Your Spells              Type           Power      Damage    Failure   Level
a - Freeze                Ice            100%       1d11      1%          1
b - Frozen Ramparts       Ice            100%       1d12      1%          3
c - Ozocubu's Armour      Ice            80%        N/A       1%          3
d - Sandblast             Erth           100%       2d20      1%          1
e - Blink                 Tloc           100%       N/A       1%          2
f - Freezing Cloud        Conj/Ice/Air   33%        6-21      4%          5
g - Iron Shot             Conj/Erth      29%        9d6       41%         6

Your spell library contained the following spells:

 Spells                   Type           Power      Damage    Failure   Level
 Foxfire                  Conj/Fire      100%       2x1d9     1%          1
 Shock                    Conj/Air       100%       1d9       1%          1
 Passwall                 Tmut/Erth      31%        N/A       1%          2
 Mephitic Cloud           Conj/Pois/Air  48%        N/A       1%          3
 Stone Arrow              Conj/Erth      100%       3d13      1%          3
 Swiftness                Air            61%        N/A       1%          3
 Hailstorm                Conj/Ice       70%        3d15      1%          4
 Airstrike                Air            30%        N/A       2%          4
 Animate Skeleton         Necr           26%        N/A       3%          1
 Pain                     Necr           52%        1d6       3%          1
 Conjure Flame            Conj/Fire      38%        6-21      3%          3
 Summon Ice Beast         Ice/Summ       55%        N/A       3%          4
 Manifold Assault         Tloc           59%        N/A       9%          5
 Animate Armour           Summ/Erth      76%        N/A       10%         4
 Flame Wave               Conj/Fire      38%        2d9       10%         4
 Confusing Touch          Hex            13%        N/A       11%         3
 Ignite Poison            Fire/Tmut/Pois 13%        N/A       11%         3
 Inner Flame              Hex/Fire       13%        N/A       11%         3
 Vampiric Draining        Necr           13%        2d6       11%         3
 Borgnjor's Vile Clutch   Necr/Erth      19%        N/A       28%         5
 Irradiate                Conj/Tmut      19%        3d19      28%         5
 Animate Dead             Necr           6%         N/A       34%         4
 Agony                    Necr           13%        N/A       67%         5
 Blade Hands              Tmut           6%         N/A       67%         5
 Excruciating Wounds      Necr           6%         N/A       67%         5
 Summon Mana Viper        Hex/Summ       13%        N/A       67%         5
 Yara's Violent Unravell  Hex/Tmut       6%         3d5       67%         5
 Simulacrum               Ice/Necr       27%        N/A       52%         6
 Death Channel            Necr           6%         N/A       99%         6
 Enfeeble                 Hex            6%         N/A       100%        7
 Monstrous Menagerie      Summ           6%         N/A       100%        7
 Storm Form               Tmut/Air       20%        N/A       100%        7
 Polar Vortex             Ice            40%        N/A       100%        9


Dungeon Overview and Level Annotations

Branches:
Dungeon (12/15)            Temple (0/1) D:7            Lair (6/6) D:9
 Shoals (0/4) Lair:2        Snake (0/4) Lair:3        Slime (0/5) Lair:6
    Orc (0/2) D:10        Gauntlet (1/1)

Shops:
D:2 *(((*   D:3 (:*!   D:7 *(

Portals:
Trove: D:11 (give 7 scrolls of blinking)

Annotations:
D:4 1 transporter, pkoi's ghost, amateur DgSu
D:11 4 runed translucent doors Gauntlet 8 transporters, 1 runed translucent door, exclusion: orange crystal statue


Innate Abilities, Weirdness & Mutations

You have an increased reservoir of magic. (+10% MP)
You shall have no god before yourself.
Your divine heritage dramatically boosts your attributes as you level up.


Message History

The minotaur hits you with the +8 mithril axe "Arga" {speed, Will+}.
* * * LOW HITPOINT WARNING * * *
The minotaur misses you.
Fire: 106 arrows
Press: ? - help, Q - select action, (/) - cycle Shift-Dir - straight line, f/p - minotaur
Aim: a minotaur, wielding the +8 mithril axe "Arga" {speed, Will+}, wearing a +2 chain mail of cold resistance, wearing the ring of the Hare {EV+8} and quivering silver javelins (freezing vapour, severely wounded, covered in acid, 62% to hit)
You shoot an arrow. The arrow hits the minotaur.
The minotaur is severely wounded.
The minotaur is engulfed in freezing vapours.
The minotaur resists.
The wall freezes the minotaur.
You block the minotaur's attack. The minotaur gores you.
* * * LOW HITPOINT WARNING * * *
Unknown command.
Unknown command.
Fire: 105 arrows
Press: ? - help, Q - select action, (/) - cycle Shift-Dir - straight line, f/p - minotaur
Aim: a minotaur, wielding the +8 mithril axe "Arga" {speed, Will+}, wearing a +2 chain mail of cold resistance, wearing the ring of the Hare {EV+8} and quivering silver javelins (freezing vapour, almost dead, covered in acid, 62% to hit)
You shoot an arrow. The arrow closely misses the minotaur.
The minotaur is engulfed in freezing vapours.
The minotaur completely resists.
The wall freezes the minotaur but does no damage.
The minotaur hits you with the +8 mithril axe "Arga" {speed, Will+}!
* * * LOW HITPOINT WARNING * * *
The minotaur gores you but does no damage.
Unknown command.
Unknown command.
Fire: 104 arrows
Press: ? - help, Q - select action, (/) - cycle Shift-Dir - straight line, f/p - minotaur
Aim: a minotaur, wielding the +8 mithril axe "Arga" {speed, Will+}, wearing a +2 chain mail of cold resistance, wearing the ring of the Hare {EV+8} and quivering silver javelins (freezing vapour, almost dead, covered in acid, 62% to hit)
You shoot an arrow. The arrow barely misses the minotaur.
Unknown command.
Unknown command.
Fire: 103 arrows
Press: ? - help, Q - select action, (/) - cycle Shift-Dir - straight line, f/p - minotaur
Aim: a minotaur, wielding the +8 mithril axe "Arga" {speed, Will+}, wearing a +2 chain mail of cold resistance, wearing the ring of the Hare {EV+8} and quivering silver javelins (freezing vapour, almost dead, covered in acid, 62% to hit)
You shoot an arrow. The arrow misses the minotaur.
The minotaur is engulfed in freezing vapours.
The minotaur resists.
The wall freezes the minotaur.
The minotaur hits you with the +8 mithril axe "Arga" {speed, Will+}!
You die...

##+ #.⌠ #☼§ +§§ §§ #§
######H#######
.......@.....#
#.###.###.###.#
#.............#
###.###.###.###
#####.###.###.#####
.................
#.♣.♣.©.©.©.©.♣.♣.#
................. ###
#####################
### ##


You could see a minotaur (corroded).

Vanquished Creatures
  Gastronok (D:11)
  Snorg (D:10)
  Josephine (D:11)
  Harold (D:7)
  Erica (D:8)
  A boulder beetle (Lair:6)
  11 hydras
  A merfolk avatar (Lair:6)
  4 two-headed ogres
  Sonja (D:10)
  Nergalle (Lair:4)
  Pikel (D:6)
  2 harpies (Lair:6)
  An oklob plant (Gauntlet)
  An ugly thing (D:12)
  A cyclops (D:10)
  3 manticores
  Maurice (D:11)
  7 black mambas
  13 cane toads
  24 elephants
  Psyche (D:10)
  4 rime drakes
  8 komodo dragons
  A tengu conjurer (D:11)
  2 trolls
  2 hornets
  4 polar bears (Lair:6)
  3 wind drakes (Lair:6)
  11 blink frogs (Lair:6)
  4 slime creatures (D:12)
  2 snapping turtles
  A ynoxinul (Gauntlet)
  4 wraiths
  2 shadows
  9 wyverns
  2 fire bats (Lair:4)
  5 basilisks
  28 yaks
  6 vampire mosquitoes (D:10)
  3 steam dragons (Lair:6)
  A two-headed ogre zombie (D:10)
  2 acid dragons (Gauntlet)
  20 water moccasins
  5 black bears
  2 orc warriors
  2 ice beasts
  2 necrophages
  2 ogres
  A lemure (D:6)
  4 centaurs
  A phantom (D:4)
  2 kobold brigands
  8 bullfrogs
  2 gnoll sergeants
  3 scorpions
  A wyvern zombie (D:8)
  3 killer bees (D:10)
  A troll zombie (D:10)
  A water moccasin skeleton (D:4)
  4 wights (D:7)
  2 howler monkeys
  An electric eel (Lair:4)
  A bullfrog zombie (D:5)
  2 centaur zombies
  7 orc priests
  2 hounds
  Crazy Yiuf (D:5)
  2 bullfrog skeletons
  A centaur skeleton (D:6)
  A gnoll shaman (D:4)
  7 iron imps
  5 iguanas
  11 orc wizards
  6 ogre zombies (D:10)
  A hound zombie (D:5)
  A howler monkey zombie (D:8)
  19 gnolls
  5 adders
  4 shadow imps
  An ufetubus (D:6)
  A worm (D:4)
  4 dart slugs
  31 orcs
  8 ball pythons
  4 endoplasms
  2 giant cockroaches
  3 goblins
  3 hobgoblins
  10 jackals
  15 kobolds
  A quokka (D:2)
  5 bats
  3 frilled lizards (D:3)
  5 goblin skeletons (D:10)
  5 goblin zombies (D:10)
  3 hobgoblin skeletons (D:10)
  A hobgoblin zombie (D:10)
  10 orc zombies (D:10)
  A quokka skeleton (D:4)
  2 rats (D:3)
  A bush (Lair:6)
  A butterfly (Lair:3)
  A plant (Lair:6)
447 creatures vanquished.

Vanquished Creatures (others)
  A demonic plant (Gauntlet)
  30 fungi
  48 plants
79 creatures vanquished.

Grand Total: 526 creatures vanquished

Notes
Turn   | Place    | Note
-------+----------+-------------------------------------------
     0 | D:1      | pkoi the Demigod Ice Elementalist began the quest for the
                  | Orb.
     0 | D:1      | Reached XP level 1. HP: 14/14 MP: 5/5
   475 | D:1      | Reached XP level 2. HP: 12/20 MP: 4/7
  1050 | D:2      | Found Itaitel's Weapon Shop.
  1329 | D:2      | Found Aworghus's Antique Weapon Boutique.
  1589 | D:2      | Reached XP level 3. HP: 20/26 MP: 5/8
  1665 | D:2      | Learned a level 3 spell: Frozen Ramparts
  2187 | D:2      | Found Fesoutz's General Store.
  2269 | D:2      | Found Enuttute's Antique Weapon Shop.
  2393 | D:2      | Found Suzapeny's Assorted Antiques.
  2537 | D:3      | Found Biakumm's Distillery.
  2709 | D:3      | Bought a potion of heal wounds for 60 gold pieces
  2749 | D:3      | Reached skill level 5 in Ice Magic
  2751 | D:3      | Reached XP level 4. HP: 31/33 MP: 5/9
  2973 | D:3      | Reached XP level 5. HP: 21/38 MP: 6/10
  3215 | D:2      | Learned a level 3 spell: Ozocubu's Armour
  3613 | D:3      | Found Vemac's Book Boutique.
  3623 | D:3      | Found Pehecu's Antique Weapon Shoppe.
  3710 | D:3      | Found Ywehis's General Store.
  4154 | D:3      | Reached XP level 6. HP: 37/45 MP: 3/11
  5177 | D:4      | Found a transporter.
  5202 | D:4      | Noticed pkoi's ghost (amateur DgSu)
  5204 | D:4      | Identified the +9 dire flail "Hainus" {elec, rElec Int+4
                  | Dex+4}
  5786 | D:4      | Reached XP level 7. HP: 49/50 MP: 5/12
  6447 | D:5      | Entered Level 5 of the Dungeon
  6851 | D:4      | Learned a level 1 spell: Sandblast
  7950 | D:5      | Reached skill level 1 in Fighting
  7950 | D:5      | Reached skill level 1 in Armour
  7950 | D:5      | Reached skill level 1 in Earth Magic
  9027 | D:5      | Found a runed translucent door.
  9028 | D:5      | Noticed Crazy Yiuf
  9141 | D:5      | Reached XP level 8. HP: 59/59 MP: 7/14
 10018 | D:5      | Killed Crazy Yiuf
 10028 | D:5      | Identified the +2 mace of the Volcano {speed, rN++ Will+}
 10969 | D:6      | Noticed Pikel
 10982 | D:6      | Killed Pikel
 11046 | D:6      | Reached XP level 9. HP: 70/70 MP: 11/18
 11313 | D:6      | Identified a scroll of acquirement
 11313 | D:6      | Acquired 1034 gold pieces
 12021 | D:2      | Bought a pitted dagger for 189 gold pieces
 12021 | D:2      | Identified the +6 dagger of Buys {pain, Dex+5} (You bought
                  | it in a shop on level 2 of the Dungeon)
 12072 | D:3      | Bought a twisted halberd for 216 gold pieces
 12072 | D:3      | Identified the +7 halberd "Inkeikh" {pain, Int+3} (You
                  | bought it in a shop on level 3 of the Dungeon)
 12072 | D:3      | Bought a steaming shortbow for 192 gold pieces
 12072 | D:3      | Identified the +9 shortbow "Xegylapp" {speed, rElec MP+9
                  | Str-2 Int+2} (You bought it in a shop on level 3 of the
                  | Dungeon)
 12464 | D:2      | Bought a fine hunting sling for 130 gold pieces
 12464 | D:2      | Identified the +4 hunting sling "Ceskotwexudd" {venom, rC+}
                  | (You bought it in a shop on level 2 of the Dungeon)
 12674 | D:7      | Found Juh Dixa's Weapon Boutique.
 12928 | D:7      | Found Diorphot's Assorted Antiques.
 12935 | D:7      | Learned a level 2 spell: Blink
 12940 | D:7      | Bought a translucent steel ring for 150 gold pieces
 12940 | D:7      | Identified the ring "Jeirrup" {rElec rPois Int+4} (You
                  | bought it in a shop on level 7 of the Dungeon)
 12962 | D:7      | Noticed Harold
 13011 | D:7      | Killed Harold
 13012 | D:7      | Reached skill level 1 in Translocations
 13012 | D:7      | Reached skill level 5 in Earth Magic
 13305 | D:7      | Reached skill level 1 in Bows
 13652 | D:7      | Found a staircase to the Ecumenical Temple.
 14203 | D:8      | Reached skill level 2 in Bows
 14399 | D:8      | Noticed Erica
 14411 | D:8      | Killed Erica
 14716 | D:8      | Reached skill level 3 in Bows
 14718 | D:8      | Reached XP level 10. HP: 71/80 MP: 20/20
 15292 | D:9      | Found a staircase to the Lair.
 15507 | D:9      | Noticed a two-headed ogre
 15520 | D:9      | Killed a two-headed ogre
 15521 | D:9      | Reached skill level 4 in Bows
 15521 | D:9      | Reached skill level 1 in Evocations
 16101 | D:10     | Entered Level 10 of the Dungeon
 16154 | D:10     | Identified the +1 ring mail of Snakes and Ladders {Will-
                  | rCorr Str+4 Dex+2}
 16167 | D:10     | Noticed Sonja
 16175 | D:10     | Killed Sonja
 16176 | D:10     | Reached skill level 5 in Spellcasting
 16356 | D:10     | Noticed a two-headed ogre
 16364 | D:10     | Killed a two-headed ogre
 16631 | D:10     | Noticed a cyclops
 16644 | D:10     | Killed a cyclops
 16953 | D:10     | Identified the +8 quarterstaff of the Orcish Mines {venom,
                  | *Rage rF++ rN++}
 17016 | D:10     | Reached skill level 5 in Fighting
 17016 | D:10     | Reached skill level 5 in Bows
 17083 | D:10     | Found a staircase to the Orcish Mines.
 17091 | D:10     | Noticed Psyche
 17148 | D:10     | Reached skill level 5 in Armour
 17186 | D:10     | Killed Psyche
 17589 | D:10     | Noticed Snorg
 17600 | D:10     | Killed Snorg
 17601 | D:10     | Reached XP level 11. HP: 59/88 MP: 20/22
 17974 | Lair:1   | Entered Level 1 of the Lair of Beasts
 18823 | Lair:1   | Reached skill level 6 in Bows
 19561 | Lair:2   | Noticed a five-headed hydra
 19568 | Lair:2   | Killed a five-headed hydra
 19569 | Lair:2   | Reached skill level 5 in Dodging
 19949 | Lair:2   | Found a staircase to the Shoals.
 19980 | Lair:2   | Reached skill level 5 in Translocations
 20396 | Lair:3   | Noticed a four-headed hydra
 20410 | Lair:3   | Killed a four-headed hydra
 20577 | Lair:3   | Reached skill level 7 in Bows
 20875 | Lair:3   | Noticed a four-headed hydra
 20883 | Lair:3   | Killed a four-headed hydra
 21146 | Lair:3   | Reached XP level 12. HP: 96/96 MP: 25/25
 21187 | Lair:3   | Learned a level 5 spell: Freezing Cloud
 21218 | Lair:3   | Found a staircase to the Snake Pit.
 21239 | Lair:3   | Reached skill level 8 in Bows
 21317 | Lair:3   | Reached skill level 1 in Conjurations
 21317 | Lair:3   | Reached skill level 1 in Air Magic
 22467 | Lair:4   | Reached skill level 9 in Bows
 22847 | Lair:4   | Noticed a four-headed hydra
 22861 | Lair:4   | Killed a four-headed hydra
 22916 | Lair:4   | Noticed Nergalle
 22931 | Lair:4   | Killed Nergalle
 23516 | Lair:4   | Noticed a seven-headed hydra
 23526 | Lair:4   | Killed a seven-headed hydra
 23539 | Lair:4   | Noticed a four-headed hydra
 23544 | Lair:4   | Killed a four-headed hydra
 23895 | Lair:5   | Noticed a four-headed hydra
 23900 | Lair:5   | Reached skill level 10 in Bows
 23903 | Lair:5   | Killed a four-headed hydra
 24088 | Lair:5   | Reached XP level 13. HP: 102/102 MP: 26/26
 24742 | Lair:5   | Identified the +4 mace of Gisalagi {speed, rPois Int-5
                  | SInv}
 25069 | Lair:6   | Entered Level 6 of the Lair of Beasts
 25519 | Lair:6   | Reached skill level 5 in Air Magic
 25696 | Lair:6   | Reached skill level 5 in Conjurations
 26002 | Lair:6   | Reached skill level 10 in Ice Magic
 26003 | Lair:6   | Reached skill level 11 in Bows
 27202 | Lair:6   | Got Sif Muna's Papyrus of Evil and Shape Shifting
 28941 | Lair:6   | Found a staircase to the Slime Pits.
 30134 | D:11     | Noticed Gastronok
 30142 | D:11     | Killed Gastronok
 30143 | D:11     | Reached skill level 12 in Bows
 30345 | D:11     | Noticed Josephine
 30364 | D:11     | Killed Josephine
 30368 | D:11     | Reached XP level 14. HP: 91/109 MP: 25/27
 30421 | D:11     | Found a portal to a secret trove of treasure.
 30578 | D:11     | Learned a level 6 spell: Iron Shot
 30668 | D:11     | Found a runed translucent door.
 30692 | D:11     | Found a runed translucent door.
 30747 | D:11     | Found a runed translucent door.
 30791 | D:11     | Noticed Maurice
 30810 | D:11     | Killed Maurice
 30885 | D:11     | Found a runed translucent door.
 31606 | D:12     | Found a gate leading to a gauntlet.
 31634 | Gauntlet | Entered a Gauntlet
 31634 | Gauntlet | Found a transporter.
 31634 | Gauntlet | Found a runed translucent gate.
 31634 | Gauntlet | Found a runed translucent gate.
 31634 | Gauntlet | Found a runed translucent gate.
 31684 | Gauntlet | Found a transporter.
 31686 | Gauntlet | Found a transporter.
 31697 | Gauntlet | Found a transporter.
 31700 | Gauntlet | Found a transporter.
 31710 | Gauntlet | Found a transporter.
 31728 | Gauntlet | Found a transporter.
 31729 | Gauntlet | Noticed a cacodemon
 31739 | Gauntlet | Found a transporter.
 31751 | Gauntlet | Found a transporter.
 31766 | Gauntlet | Found a transporter.
 31775 | Gauntlet | Found a transporter.
 31778 | Gauntlet | Found a transporter.
 31819 | Gauntlet | Found a runed translucent door.
 31823 | Gauntlet | Found a runed translucent door.
 31835 | Gauntlet | Found a transporter.
 31835 | Gauntlet | Found a transporter.
 32217 | Gauntlet | Identified the ring of the Spinneret {Drain rCorr Str+3}
 32820 | Gauntlet | Mangled by a minotaur

Illustrated notes

Levels and vault maps discovered:
D:1:      scummos_arrival_star, layout_rooms
D:2:      layout_basic, hellmonk_ecumenical_altar_pennies_from_heaven,
          serial_shops, nicolae_shop_hallway_plus, shop, shop, shop_statue,
          shop_statue, basic_altar, minmay_shallow_snake_nest
D:3:      layout_basic, demons_altar, serial_shops, nicolae_shop_crystal,
          shop_statue, nicolae_shop_window_shopping, nicolae_shop_stone
D:4:      layout_cave_pools, nzn_wu_jian_contemplation, gammafunk_ghost_smash,
          serial_forest, infiniplex_forest_lined_ring,
          infiniplex_forest_corner_1, infiniplex_forest_zigzag_1,
          infiniplex_forest_zigzag_1, infiniplex_forest_lined_3,
          infiniplex_forest_side_room
D:5:      layout_layer_cave, chequers_serial_rivers_micro_e,
          uniq_crazy_yiuf_cottage
D:6:      layout_loops_ring, minmay_starry_boxes, uniq_pikel
D:7:      layout_gridville, minmay_temple_entry_offerings, serial_shops,
          nicolae_shop_crystal, shop, serial_rivers,
          chequers_serial_rivers_small_3, chequers_serial_rivers_micro_a,
          chequers_serial_rivers_small_3, chequers_serial_rivers_micro_e,
          uniq_harold
D:8:      nicolae_cairo_tiling_large_dashed, layout_basic,
          grunt_temple_overflow_cloverleaf, nicolae_dithmenos_shadow_blocks,
          minivault_11, hangedman_decor_clover_reticule, uniq_erica
D:9:      layout_grid_maze, dpeg_oklobed_lair
D:10:     layout_basic, zombieorc2_lemuel, small_chamber_with_monster,
          uniq_snorg, uniq_sonja, uniq_psyche
D:11:     layout_irregular_city, enter_trove_2, minmay_statue_crystal_thing,
          uniq_maurice, uniq_gastronok, uniq_josephine
D:12:     layout_rooms, gauntlet_entry_generic
Lair:1:   layout_hall_layers
Lair:2:   layout_regular_city, minmay_shoals_entry_hut
Lair:3:   layout_regular_city, dummy_snake_entry, patterned_corridor,
          lemuel_fruit_fields
Lair:4:   layout_gridlike, columned_hall_lemuel, serial_bayou_shore_b,
          grunt_megastairs_2, uniq_nergalle
Lair:5:   layout_big_grid
Lair:6:   gammafunk_lair_ancient_temple, layout_cave_pods, slime_dummy,
          infiniplex_staircase_pool
Gauntlet: minmay_gauntlet_77_tree [minmay_gauntlet_arena_77_run_for_it,
          minmay_gauntlet_arena_77_checkered, minmay_gauntlet_arena_77_mess,
          minmay_gauntlet_arena_77_broken_ladder,
          minmay_gauntlet_arena_77_shame_cube,
          minmay_gauntlet_arena_77_two_paths, minmay_gauntlet_arena_77_squiggly,
          gauntlet_exit_hidden_loot]

Skill      XL: |  1  2  3  4  5  6  7  8  9 10 11 12 13 |
---------------+----------------------------------------+-----
Ice Magic      | 4 5 6 7 8 9 10 | 10.5
Dodging        | 2 3 4 5 6 |  6.0
Stealth        | 2 3 |  3.0
Spellcasting   | 2 3 4 5 6 |  6.5
Fighting       | 1 3 4 5 6 |  6.6
Armour         | 1 3 4 5 6 |  6.0
Earth Magic    | 2 4 5 6 |  6.0
Translocations | 2 4 5 6 |  6.0
Bows           | 3 5 7 10 12 | 12.2
Evocations     | 2 3 |  3.0
Conjurations   | 4 6 |  6.0
Air Magic      | 4 6 |  6.3

Action                   |  1- 3 |  4- 6 |  7- 9 | 10-12 | 13-15 || total
-------------------------+-------+-------+-------+-------+-------++-------
Melee: Dagger            |    30 |   108 |    84 |       |     5 ||   227
       Punch             |       |     1 |     4 |       |       ||     5
       Mace              |       |       |    74 |       |       ||    74
 Fire: Shortbow          |       |       |    51 |   546 |   311 ||   908
 Cast: Freeze            |    36 |     1 |    13 |    94 |    64 ||   208
       Frozen Ramparts   |     1 |    12 |    32 |    50 |    19 ||   114
       Ozocubu's Armour  |       |    10 |    36 |    49 |    19 ||   114
       Sandblast         |       |       |    25 |    82 |    88 ||   195
       Freezing Cloud    |       |       |       |     5 |    40 ||    45
Evoke: Wand              |       |       |     1 |       |     3 ||     4
  Use: Scroll            |     3 |       |    11 |     2 |     8 ||    24
       Potion            |     1 |       |       |       |     6 ||     7
 Stab: Sleeping          |     2 |     2 |     2 |       |       ||     6
       Paralysed         |       |       |     4 |       |     5 ||     9
Armor: Robe              |     8 |    23 |    56 |    10 |       ||    97
       Troll leather arm |       |       |       |    85 |    40 ||   125
       Skin              |       |       |       |     1 |       ||     1
Dodge: Dodged            |    36 |    74 |   126 |   131 |    72 ||   439
Block: Other             |       |       |       |       |    22 ||    22
